[ PARTIDA AOE2 · #470364853 ]
UnrankedMagiares vs Koreans
[ ANÁLISIS DE REPETICIÓN · EXTRAÍDO DE LA PARTIDA GRABADA ]
Feudal
—
Castillos
—
Imperial
—
| APM promedio | 11.5 |
| APM pico | 32 |
| eAPM promedio | 8.9 |
| Aldeanos / militares | 164 / 87 |
Foco
⚔️ 27.2% · 🌾 72.8%
Cavalry Archer ×45 · Magyar Huszar ×26 · Archer ×9 · Spearman ×4 · Monk ×3
Feudal
—
Castillos
—
Imperial
—
| APM promedio | 0.2 |
| APM pico | 9 |
| eAPM promedio | 0.2 |
| Aldeanos / militares | 0 / 0 |
Feudal
—
Castillos
—
Imperial
—
| APM promedio | 0.4 |
| APM pico | 20 |
| eAPM promedio | 0.4 |
| Aldeanos / militares | 6 / 0 |
Foco
⚔️ 0.0% · 🌾 100.0%
Feudal
—
Castillos
—
Imperial
—
| APM promedio | 0.5 |
| APM pico | 25 |
| eAPM promedio | 0.5 |
| Aldeanos / militares | 0 / 0 |
Feudal
—
Castillos
—
Imperial
—
| APM promedio | 0.1 |
| APM pico | 6 |
| eAPM promedio | 0.1 |
| Aldeanos / militares | 0 / 0 |
Foco
⚔️ 0.0% · 🌾 100.0%
Feudal
11:53
Castillos
17:49
Imperial
33:15
| APM promedio | 21.5 |
| APM pico | 48 |
| eAPM promedio | 16.6 |
| Aldeanos / militares | 103 / 136 |
Foco
⚔️ 38.3% · 🌾 61.7%
Camel Scout ×78 · Gbeto ×34 · Scout Cavalry ×19 · Fishing Ship ×13 · Trebuchet (Packed) ×3 · Demolition Raft ×2
Feudal
—
Castillos
—
Imperial
—
| APM promedio | 0.1 |
| APM pico | 6 |
| eAPM promedio | 0.1 |
| Aldeanos / militares | 0 / 0 |
Foco
⚔️ 0.0% · 🌾 100.0%
Feudal
11:35
Castillos
17:56
Imperial
32:36
| APM promedio | 14.8 |
| APM pico | 36 |
| eAPM promedio | 11.7 |
| Aldeanos / militares | 240 / 77 |
Foco
⚔️ 23.6% · 🌾 76.4%
Spearman ×43 · Knight ×16 · Throwing Axeman ×13 · Monk ×2 · Trebuchet (Packed) ×2 · Scout Cavalry ×1
Mapa de la partida
Recursos iniciales + cada clic de construcción. Líneas = muros · curvas = relieve. ◆ oro · ⬟ piedra · ● bayas · ✦ reliquia · ◌ hueco del cierre
Inputs por minuto
— simasakon0 - - 鸿图小霸王
Build order — simasakon0
Primeras 150 de 280 acciones detectadas
| 0:03 | Crear | Villager (Male) ×4 |
| 0:08 | Construir | House |
| 1:40 | Crear | Villager (Male) |
| 1:49 | Construir | House |
| 2:05 | Investigar | Loom |
| 2:36 | Crear | Villager (Male) |
| 2:46 | Crear | Villager (Male) |
| 3:10 | Construir | Mill |
| 3:58 | Crear | Villager (Male) ×2 |
| 4:23 | Crear | Villager (Male) ×2 |
| 4:47 | Construir | House |
| 4:49 | Construir | Lumber Camp |
| 4:56 | Crear | Villager (Male) ×2 |
| 5:39 | Crear | Villager (Male) ×2 |
| 6:34 | Crear | Villager (Male) ×4 |
| 7:03 | Crear | Villager (Male) |
| 7:06 | Construir | House |
| 8:36 | Construir | Mining Camp |
| 8:53 | Crear | Villager (Male) ×5 |
| 9:03 | Construir | House |
| 9:51 | Investigar | Feudal Age |
| 9:59 | Construir | Barracks |
| 10:31 | Crear | Villager (Male) ×3 |
| 12:25 | Construir | Blacksmith |
| 12:32 | Investigar | Double-Bit Axe |
| 12:34 | Investigar | Horse Collar |
| 12:38 | Investigar | Gold Mining |
| 12:38 | Investigar | Stone Mining |
| 12:50 | Construir | Archery Range |
| 13:00 | Crear | Villager (Male) ×2 |
| 13:20 | Construir | Mill |
| 13:32 | Construir | House |
| 13:32 | Construir | House |
| 13:33 | Construir | House |
| 13:37 | Investigar | Fletching |
| 13:50 | Crear | Archer ×2 |
| 13:51 | Crear | Archer |
| 14:07 | Investigar | Padded Archer Armor |
| 14:13 | Crear | Villager (Male) |
| 14:26 | Crear | Villager (Male) |
| 14:26 | Crear | Villager (Male) |
| 14:43 | Construir | Archery Range |
| 15:06 | Crear | Villager (Male) ×2 |
| 15:16 | Construir | Mining Camp |
| 15:21 | Crear | Villager (Male) |
| 15:35 | Crear | Archer ×2 |
| 15:36 | Crear | Archer ×2 |
| 15:40 | Construir | Watch Tower |
| 16:25 | Crear | Archer |
| 16:25 | Crear | Archer |
| 16:34 | Crear | Villager (Male) ×4 |
| 18:05 | Construir | Stable |
| 18:37 | Construir | Barracks |
| 19:11 | Construir | Stone Wall |
| 19:16 | Construir | Stone Wall |
| 19:55 | Construir | Farm |
| 19:56 | Construir | Farm |
| 19:57 | Construir | Farm |
| 19:58 | Construir | Farm |
| 20:00 | Construir | Farm |
| 20:01 | Construir | Farm |
| 20:03 | Construir | Farm |
| 20:04 | Construir | Farm |
| 20:06 | Construir | Farm |
| 20:07 | Construir | Farm |
| 20:08 | Construir | Farm |
| 20:10 | Construir | Farm |
| 21:18 | Investigar | Castle Age |
| 21:24 | Construir | Farm |
| 21:40 | Construir | Lumber Camp |
| 22:01 | Construir | Farm |
| 23:39 | Investigar | Wheelbarrow |
| 23:40 | Investigar | Town Watch |
| 24:01 | Construir | Town Center |
| 24:27 | Construir | Town Center |
| 24:42 | Investigar | Pikeman (upgrade) |
| 24:42 | Investigar | Arson |
| 24:43 | Crear | Spearman |
| 24:43 | Crear | Spearman |
| 24:44 | Crear | Spearman |
| 24:44 | Crear | Spearman |
| 24:47 | Investigar | Leather Archer Armor |
| 24:47 | Investigar | Bodkin Arrow |
| 25:19 | Crear | Villager (Male) ×2 |
| 25:19 | Crear | Villager (Male) ×2 |
| 25:26 | Construir | Lumber Camp |
| 25:34 | Crear | Villager (Male) ×2 |
| 25:37 | Crear | Villager (Male) |
| 25:43 | Crear | Villager (Male) |
| 26:01 | Construir | Farm |
| 26:03 | Construir | Farm |
| 26:05 | Construir | Farm |
| 26:06 | Construir | Farm |
| 26:07 | Construir | Farm |
| 26:23 | Crear | Villager (Male) ×3 |
| 26:37 | Construir | Farm |
| 26:38 | Construir | Farm |
| 27:00 | Crear | Villager (Male) ×4 |
| 27:00 | Crear | Villager (Male) ×4 |
| 27:22 | Investigar | Scale Mail Armor |
| 27:36 | Crear | Villager (Male) ×3 |
| 27:39 | Crear | Villager (Male) |
| 27:47 | Construir | House |
| 27:47 | Construir | House |
| 27:48 | Construir | House |
| 27:48 | Construir | House |
| 27:48 | Construir | House |
| 27:49 | Construir | House |
| 27:49 | Construir | House |
| 27:49 | Construir | House |
| 27:50 | Construir | House |
| 27:51 | Construir | House |
| 27:52 | Construir | House |
| 28:23 | Investigar | Hand Cart |
| 28:43 | Crear | Villager (Male) ×2 |
| 28:46 | Crear | Villager (Male) |
| 28:46 | Crear | Villager (Male) |
| 28:55 | Crear | Villager (Male) |
| 28:58 | Crear | Villager (Male) |
| 29:06 | Crear | Villager (Male) |
| 29:18 | Construir | Farm |
| 29:38 | Construir | Farm |
| 29:39 | Construir | Farm |
| 29:41 | Construir | Farm |
| 29:42 | Construir | Farm |
| 29:43 | Construir | Farm |
| 29:46 | Construir | Farm |
| 29:48 | Construir | Farm |
| 29:51 | Construir | Mill |
| 30:00 | Crear | Villager (Male) ×5 |
| 30:00 | Crear | Villager (Male) |
| 30:01 | Crear | Villager (Male) |
| 30:05 | Crear | Villager (Male) |
| 30:08 | Crear | Villager (Male) |
| 30:08 | Crear | Villager (Male) |
| 30:18 | Investigar | Bow Saw |
| 30:26 | Investigar | Heavy Plow |
| 30:54 | Crear | Villager (Male) ×2 |
| 30:55 | Crear | Villager (Male) |
| 30:55 | Crear | Villager (Male) |
| 31:03 | Construir | Castle |
| 31:10 | Construir | Archery Range |
| 31:11 | Construir | Archery Range |
| 31:11 | Construir | Archery Range |
| 31:11 | Construir | Archery Range |
| 31:12 | Construir | Archery Range |
| 31:12 | Construir | Archery Range |
| 31:25 | Crear | Villager (Male) ×5 |
| 31:25 | Crear | Villager (Male) ×3 |
| 32:27 | Construir | University |
Build order — 鸿图小霸王
0 acciones detectadas en el replay
Build order — aaa916_
12 acciones detectadas en el replay
| 0:03 | Crear | Villager (Male) |
| 0:03 | Crear | Villager (Male) |
| 0:03 | Crear | Villager (Male) |
| 0:03 | Crear | Villager (Male) |
| 0:03 | Crear | Villager (Male) |
| 0:04 | Crear | Villager (Male) |
| 0:09 | Construir | House |
| 0:09 | Construir | House |
| 0:09 | Construir | House |
| 0:10 | Construir | House |
| 0:10 | Construir | House |
| 0:10 | Construir | House |
Build order — KT./SAMET73
0 acciones detectadas en el replay
Build order — Ton618
2 acciones detectadas en el replay
| 0:07 | Construir | House |
| 0:07 | Construir | House |
Build order — 哪吒
Primeras 150 de 446 acciones detectadas
| 0:09 | Crear | Villager (Male) |
| 0:09 | Crear | Villager (Male) |
| 0:09 | Crear | Villager (Male) |
| 0:10 | Crear | Villager (Male) |
| 0:10 | Crear | Villager (Male) |
| 0:11 | Construir | House |
| 0:13 | Construir | House |
| 1:56 | Construir | Lumber Camp |
| 2:01 | Crear | Villager (Male) |
| 2:01 | Crear | Villager (Male) |
| 2:32 | Construir | House |
| 2:56 | Crear | Villager (Male) |
| 2:56 | Crear | Villager (Male) |
| 2:56 | Crear | Villager (Male) |
| 4:06 | Crear | Villager (Male) |
| 4:06 | Crear | Villager (Male) |
| 4:20 | Construir | House |
| 4:21 | Construir | House |
| 4:41 | Crear | Villager (Male) |
| 4:41 | Crear | Villager (Male) |
| 4:41 | Crear | Villager (Male) |
| 4:41 | Crear | Villager (Male) |
| 4:42 | Crear | Villager (Male) |
| 5:58 | Construir | Mill |
| 6:02 | Crear | Villager (Male) |
| 6:02 | Crear | Villager (Male) |
| 6:02 | Crear | Villager (Male) |
| 6:02 | Crear | Villager (Male) |
| 6:50 | Crear | Villager (Male) |
| 6:50 | Crear | Villager (Male) |
| 7:02 | Crear | Villager (Male) |
| 7:02 | Crear | Villager (Male) |
| 7:11 | Crear | Villager (Male) |
| 7:11 | Crear | Villager (Male) |
| 7:12 | Crear | Villager (Male) |
| 8:22 | Crear | Villager (Male) |
| 8:22 | Crear | Villager (Male) |
| 8:23 | Crear | Villager (Male) |
| 8:34 | Crear | Villager (Male) |
| 8:48 | Construir | Palisade Wall |
| 8:57 | Construir | Mining Camp |
| 9:02 | Crear | Villager (Male) |
| 9:02 | Crear | Villager (Male) |
| 9:43 | Investigar | Feudal Age |
| 9:51 | Crear | Villager (Male) |
| 10:05 | Construir | House |
| 10:06 | Construir | House |
| 11:14 | Construir | House |
| 11:15 | Construir | House |
| 11:33 | Construir | Lumber Camp |
| 11:53 | Edad | Edad Feudal |
| 12:07 | Construir | Market |
| 12:14 | Construir | Blacksmith |
| 12:18 | Crear | Villager (Male) |
| 12:18 | Crear | Villager (Male) |
| 12:18 | Crear | Villager (Male) |
| 12:44 | Construir | Stone Wall |
| 12:48 | Construir | Building 487 |
| 13:06 | Construir | Mining Camp |
| 13:41 | Construir | Lumber Camp |
| 14:51 | Construir | Farm |
| 15:09 | Investigar | Castle Age |
| 15:48 | Crear | Villager (Male) |
| 15:48 | Crear | Villager (Male) |
| 16:41 | Investigar | Double-Bit Axe |
| 17:01 | Construir | Mill |
| 17:25 | Investigar | Horse Collar |
| 17:49 | Edad | Edad de los Castillos |
| 18:02 | Construir | Town Center |
| 18:16 | Construir | Dock |
| 18:21 | Crear | Villager (Male) |
| 18:21 | Crear | Villager (Male) |
| 19:10 | Crear | Demolition Raft |
| 19:11 | Crear | Demolition Raft |
| 19:19 | Crear | Fishing Ship |
| 19:19 | Crear | Fishing Ship |
| 19:19 | Crear | Fishing Ship |
| 19:20 | Crear | Fishing Ship |
| 19:31 | Crear | Villager (Male) |
| 19:31 | Crear | Villager (Male) |
| 19:32 | Crear | Villager (Male) |
| 19:32 | Crear | Villager (Male) |
| 19:37 | Crear | Villager (Male) |
| 19:37 | Crear | Villager (Male) |
| 19:58 | Construir | Dock |
| 20:09 | Crear | Fishing Ship |
| 20:10 | Crear | Fishing Ship |
| 20:21 | Investigar | Heavy Plow |
| 20:36 | Crear | Villager (Male) |
| 20:37 | Crear | Villager (Male) |
| 20:37 | Crear | Villager (Male) |
| 20:37 | Crear | Villager (Male) |
| 21:21 | Construir | Castle |
| 21:28 | Investigar | Tech 906 |
| 21:29 | Crear | Fishing Ship |
| 21:29 | Crear | Fishing Ship |
| 21:29 | Crear | Fishing Ship |
| 21:30 | Crear | Fishing Ship |
| 21:30 | Crear | Fishing Ship |
| 21:36 | Crear | Villager (Male) |
| 21:36 | Crear | Villager (Male) |
| 21:36 | Crear | Villager (Male) |
| 21:37 | Crear | Villager (Male) |
| 22:02 | Construir | Farm |
| 22:03 | Construir | Farm |
| 22:04 | Construir | Farm |
| 22:06 | Construir | Farm |
| 22:33 | Construir | Farm |
| 22:59 | Construir | House |
| 23:00 | Construir | House |
| 23:00 | Construir | House |
| 23:01 | Construir | House |
| 23:01 | Construir | House |
| 23:02 | Construir | House |
| 23:11 | Construir | Fish Trap |
| 23:12 | Construir | Fish Trap |
| 23:25 | Construir | Fish Trap |
| 23:43 | Construir | Town Center |
| 24:03 | Construir | Barracks |
| 24:09 | Construir | Fish Trap |
| 24:13 | Investigar | Gillnets |
| 24:36 | Investigar | Wheelbarrow |
| 24:37 | Investigar | Loom |
| 24:37 | Investigar | Town Watch |
| 24:40 | Crear | Villager (Male) |
| 24:41 | Crear | Villager (Male) |
| 24:45 | Crear | Villager (Male) |
| 24:46 | Crear | Villager (Male) |
| 24:55 | Construir | Stable |
| 25:45 | Construir | Fish Trap |
| 25:49 | Construir | Fish Trap |
| 25:50 | Construir | Fish Trap |
| 25:52 | Construir | Fish Trap |
| 26:04 | Construir | Fish Trap |
| 26:10 | Construir | Fish Trap |
| 26:27 | Construir | Fish Trap |
| 26:32 | Crear | Villager (Male) |
| 26:33 | Crear | Villager (Male) |
| 26:53 | Construir | Stone Wall |
| 26:58 | Crear | Villager (Male) |
| 26:59 | Crear | Villager (Male) |
| 27:09 | Construir | Stable |
| 27:09 | Construir | Stable |
| 27:10 | Construir | Stable |
| 27:10 | Construir | Stable |
| 27:10 | Construir | Stable |
| 27:11 | Construir | Stable |
| 27:11 | Construir | Stable |
| 27:19 | Crear | Villager (Male) |
| 27:19 | Crear | Villager (Male) |
Build order — fabriziomorales247
0 acciones detectadas en el replay
Build order — 点击输入文本
Primeras 150 de 280 acciones detectadas
| 0:03 | Crear | Villager (Male) ×4 |
| 0:03 | Crear | Villager (Male) ×4 |
| 0:03 | Crear | Villager (Male) ×4 |
| 0:07 | Construir | House |
| 0:12 | Construir | House |
| 1:32 | Crear | Villager (Male) |
| 1:32 | Crear | Villager (Male) |
| 1:50 | Construir | Lumber Camp |
| 2:11 | Crear | Villager (Male) |
| 2:11 | Crear | Villager (Male) |
| 2:25 | Crear | Villager (Male) |
| 2:26 | Crear | Villager (Male) |
| 2:51 | Crear | Villager (Male) |
| 2:51 | Crear | Villager (Male) |
| 3:10 | Construir | House |
| 3:19 | Crear | Villager (Male) |
| 3:20 | Crear | Villager (Male) |
| 3:59 | Crear | Villager (Male) |
| 3:59 | Crear | Villager (Male) |
| 4:10 | Crear | Villager (Male) |
| 4:10 | Crear | Villager (Male) |
| 4:37 | Crear | Villager (Male) ×2 |
| 4:38 | Crear | Villager (Male) ×2 |
| 4:59 | Construir | Mill |
| 5:50 | Crear | Villager (Male) ×3 |
| 5:50 | Crear | Villager (Male) |
| 6:38 | Investigar | Loom |
| 6:39 | Crear | Villager (Male) |
| 6:44 | Construir | House |
| 7:36 | Crear | Villager (Male) |
| 7:36 | Crear | Villager (Male) |
| 8:48 | Crear | Villager (Male) |
| 8:49 | Crear | Villager (Male) |
| 9:23 | Investigar | Feudal Age |
| 9:27 | Crear | Villager (Male) |
| 9:34 | Construir | House |
| 9:35 | Construir | House |
| 10:12 | Crear | Villager (Male) ×4 |
| 11:34 | Construir | Barracks |
| 11:35 | Edad | Edad Feudal |
| 12:03 | Investigar | Double-Bit Axe |
| 12:34 | Construir | Mining Camp |
| 12:49 | Construir | Palisade Wall |
| 13:13 | Construir | Blacksmith |
| 13:23 | Construir | Stable |
| 14:00 | Construir | Mill |
| 14:10 | Crear | Villager (Male) ×5 |
| 15:16 | Investigar | Castle Age |
| 15:21 | Investigar | Gold Mining |
| 15:30 | Construir | Mining Camp |
| 16:34 | Construir | Lumber Camp |
| 16:50 | Investigar | Stone Mining |
| 17:04 | Crear | Scout Cavalry |
| 17:31 | Crear | Villager (Male) ×3 |
| 17:31 | Crear | Villager (Male) ×3 |
| 17:56 | Edad | Edad de los Castillos |
| 18:00 | Crear | Knight |
| 18:43 | Crear | Knight |
| 19:16 | Construir | Castle |
| 19:39 | Crear | Villager (Male) ×3 |
| 19:39 | Crear | Villager (Male) ×3 |
| 21:09 | Crear | Villager (Male) ×3 |
| 21:09 | Crear | Villager (Male) ×3 |
| 21:44 | Construir | Town Center |
| 21:59 | Crear | Villager (Male) ×2 |
| 22:15 | Construir | Monastery |
| 22:51 | Crear | Villager (Male) |
| 23:02 | Crear | Villager (Male) |
| 23:02 | Crear | Villager (Male) |
| 23:21 | Crear | Monk |
| 23:32 | Crear | Villager (Male) |
| 23:32 | Crear | Villager (Male) |
| 23:59 | Crear | Villager (Male) |
| 24:15 | Construir | Castle |
| 24:34 | Construir | Farm |
| 24:34 | Construir | Farm |
| 24:35 | Construir | Farm |
| 24:41 | Construir | Farm |
| 24:42 | Construir | Farm |
| 24:43 | Construir | Farm |
| 24:44 | Construir | Farm |
| 24:45 | Construir | Farm |
| 24:46 | Construir | Farm |
| 24:48 | Construir | Farm |
| 24:49 | Construir | Farm |
| 24:50 | Construir | Farm |
| 25:09 | Construir | Town Center |
| 25:18 | Construir | Farm |
| 25:19 | Construir | Farm |
| 25:21 | Construir | Farm |
| 25:33 | Crear | Monk |
| 25:48 | Crear | Villager (Male) ×5 |
| 25:54 | Construir | Farm |
| 25:55 | Construir | Farm |
| 26:14 | Investigar | Wheelbarrow |
| 26:44 | Construir | Farm |
| 26:46 | Construir | Farm |
| 26:51 | Crear | Villager (Male) ×2 |
| 27:37 | Crear | Villager (Male) |
| 27:57 | Investigar | Hand Cart |
| 28:22 | Construir | Market |
| 28:28 | Crear | Villager (Male) ×4 |
| 28:42 | Construir | Stable |
| 28:56 | Crear | Villager (Male) |
| 29:26 | Investigar | Imperial Age |
| 29:41 | Crear | Villager (Male) ×3 |
| 29:41 | Crear | Villager (Male) ×3 |
| 29:54 | Crear | Villager (Male) ×2 |
| 29:54 | Crear | Villager (Male) ×2 |
| 30:15 | Construir | Town Center |
| 30:20 | Construir | Farm |
| 30:21 | Construir | Farm |
| 30:22 | Construir | Farm |
| 30:23 | Construir | Farm |
| 30:25 | Construir | Farm |
| 30:26 | Construir | Farm |
| 30:27 | Construir | Farm |
| 30:29 | Construir | Farm |
| 30:36 | Crear | Villager (Male) |
| 30:36 | Crear | Villager (Male) |
| 30:39 | Investigar | Bow Saw |
| 30:56 | Construir | Lumber Camp |
| 31:17 | Crear | Villager (Male) ×5 |
| 31:37 | Construir | Barracks |
| 31:56 | Investigar | Gold Shaft Mining |
| 32:01 | Investigar | Husbandry |
| 32:01 | Crear | Knight ×4 |
| 32:22 | Crear | Throwing Axeman ×5 |
| 32:36 | Edad | Edad Imperial |
| 32:45 | Construir | Farm |
| 32:46 | Construir | Farm |
| 32:48 | Construir | Farm |
| 33:19 | Crear | Villager (Male) ×5 |
| 33:28 | Crear | Villager (Male) ×5 |
| 33:28 | Crear | Villager (Male) ×5 |
| 33:42 | Investigar | Fletching |
| 34:01 | Investigar | Town Watch |
| 34:02 | Crear | Villager (Male) ×3 |
| 34:20 | Investigar | Conscription |
| 34:21 | Investigar | Chivalry |
| 34:24 | Investigar | Forging |
| 34:29 | Crear | Villager (Male) ×3 |
| 34:30 | Crear | Villager (Male) ×3 |
| 34:40 | Construir | Farm |
| 34:41 | Construir | Farm |
| 34:41 | Construir | Farm |
| 34:42 | Construir | Farm |
| 34:54 | Investigar | Scale Barding Armor |
| 35:03 | Crear | Villager (Male) ×5 |
| 35:09 | Construir | Mining Camp |
Cronología de la partida
| 0:01 | 鸿图小霸王 · resign |
| 8:48 | 哪吒 · wall_segment Palisade Wall x14 |
| 9:59 | simasakon0 · first_building Barracks |
| 11:34 | 点击输入文本 · first_building Barracks |
| 11:35 | 点击输入文本 · age_up feudal |
| 11:53 | 哪吒 · age_up feudal |
| 12:44 | 哪吒 · wall_segment Stone Wall x13 |
| 12:49 | 点击输入文本 · wall_segment Palisade Wall x4 |
| 12:50 | simasakon0 · first_building Archery Range |
| 13:20 | 哪吒 · first_market_buy 100 food |
| 13:23 | 点击输入文本 · first_building Stable |
| 17:49 | 哪吒 · age_up castle |
| 17:56 | 点击输入文本 · age_up castle |
| 18:05 | simasakon0 · first_building Stable |
| 18:16 | 哪吒 · first_building Dock |
| 19:11 | simasakon0 · wall_segment Stone Wall x5 |
| 19:16 | simasakon0 · wall_segment Stone Wall x3 |
| 19:16 | 点击输入文本 · first_building Castle |
| 21:21 | 哪吒 · first_building Castle |
| 22:15 | 点击输入文本 · first_building Monastery |
| 24:03 | 哪吒 · first_building Barracks |
| 24:55 | 哪吒 · first_building Stable |
| 26:53 | 哪吒 · wall_segment Stone Wall x12 |
| 29:04 | 点击输入文本 · first_market_buy 100 food |
| 29:09 | 点击输入文本 · first_market_sell 500 stone |
| 30:00 | 哪吒 · first_market_sell 100 wood |
| 31:03 | simasakon0 · first_building Castle |
| 32:30 | simasakon0 · first_building Monastery |
| 32:36 | 点击输入文本 · age_up imperial |
| 33:15 | 哪吒 · age_up imperial |
| 34:09 | simasakon0 · first_building Siege Workshop |
| 37:59 | 点击输入文本 · first_building Siege Workshop |
| 38:22 | simasakon0 · first_market_sell 100 wood |
| 38:40 | 哪吒 · first_building Siege Workshop |
| 45:49 | 哪吒 · first_building Archery Range |
[ ANÁLISIS IA · 1 CRÉDITO ]
¿Qué pasó realmente en esta partida?
Wolo.gg analiza cada decisión: build order, eco, micro, errores típicos por bracket. Análisis personalizado por WhatsApp o Discord en 30 segundos.
Guía civ
Magiares
Perfil
Jugador #1750814